 Dungeon Crawl Stone Soup version 0.31-a0-1591-g515db51633 (webtiles) character file.

Game seed: 6700632661881451355

649 Ofeo the Sneak (level 7, 33/60 HPs)
             Began as a White Draconian Brigand on Jan 7, 2024.
             Quit the game on level 4 of the Dungeon.
             The game lasted 00:04:06 (3533 turns).

Ofeo the Sneak (White Draconian Brigand)            Turns: 3533, Time: 00:04:06

Health: 33/60      AC:  9    Str: 20    XL:     7   Next: 28%
Magic:  7/7        EV: 13    Int: 11    God:
Gold:   254        SH:  0    Dex: 14    Spells: 6/6 levels left

rFire   . . .        a - +2 dagger
rCold   + . .        (no shield)
rNeg    . . .        (body armour unavailable)
rPois   .            (helmet restricted)
rElec   .            b - +1 cloak
rCorr   .            t - +0 pair of gloves
SInv    +            (no boots)
Will    .....        (no amulet)
Stlth   +++          f - +6 ring of strength
HPRegen 0.30/turn    l - ring of see invisible
MPRegen 0.10/turn

%: no passive effects
@: no status effects
A: breathe frost, AC +6, unfitting armour, cold resistance 1, cold-blooded
a: Breathe Frost


You were on level 4 of the Dungeon.
You visited 1 branch of the dungeon, and saw 5 of its levels.

You collected 254 gold pieces.

Inventory:

Hand Weapons
 a - a +2 dagger (weapon)
Missiles
 c - 8 poisoned darts (quivered)
 d - 2 curare-tipped darts
Armour
 b - a +1 cloak (worn)
 g - an orb of mayhem
 t - a +0 pair of gloves (worn)
Jewellery
 f - a +6 ring of strength (left hand)
 l - a ring of see invisible (right hand)
Scrolls
 e - a scroll of noise
 i - a scroll of vulnerability
 j - a scroll of poison
 o - a scroll of enchant armour
Potions
 h - 2 potions of degeneration {unknown}
 k - a potion of brilliance {unknown}
 n - 3 potions of mutation {unknown}
 p - a potion of attraction {unknown}
 q - 3 potions of curing {@q1}
 r - a potion of resistance {@q6}


   Skills:
 + Level 4.5 Fighting
 - Level 3.7 Short Blades
 - Level 3.4 Throwing
 + Level 3.3 Dodging
 + Level 5.2 Stealth


You had 6 spell levels left.
You didn't know any spells.
Your spell library was empty.

Dungeon Overview and Level Annotations

Branches:
Dungeon (5/15)
 Temple: D:4-7

Altars:
Fedhas
Vehumet
The Shining One


Innate Abilities, Weirdness & Mutations

You can breathe waves of freezing cold which knock back foes.
Your icy white scales are hard. (AC +6)
You cannot fit into any form of body armour.
Your flesh is cold resistant. (rC+)
You are cold-blooded and may be slowed by cold attacks.


Message History

Health restored: 60 No target in view!
No target in view!
No target in view!
No target in view!
No target in view!
Aiming: Breathe Frost (5% risk of failure)
Press: ? - help, Shift-Dir - straight line, f - you
Okay, then.
There is an escape hatch in the floor here.
There is an escape hatch in the floor here.
You see here a blade talisman.
n - 3 dark potions (gained 1)
You see here a blade talisman.
There is a stone staircase leading down here.
You see here a +0 club.
There is an open door here.
Done exploring.
Done exploring.
Done exploring.
Done exploring.
No target in view!
Search for what [Enter for "."]? .
There is an open door here.
You see here a +0 pair of gloves.
t - a +0 pair of gloves You start putting on your armour.
You continue putting on your +0 pair of gloves. x4
You finish putting on your +0 pair of gloves.
As you read the scroll labelled ISUOLO USHRI, it crumbles to dust.
You feel strangely unstable.
It was a scroll of teleportation.
As you read the scroll labelled ANTABB PACU, it crumbles to dust.
Your body is wracked with pain!
It was a scroll of torment.
You take 28 damage, and have 32/60 hp.
MASSIVE DAMAGE!!
You start resting.
Your surroundings suddenly seem different.
Saving game... please wait.
Welcome back, Ofeo the White Draconian Brigand.
Press ? for a list of commands and other information.
Are you sure you want to abandon this character and quit the game? (Confirm with "yes".)

#.# #.# ######>#
#########......#
#.......§...##.#
#.≈≈≈§≈§≈§§.##.#
#.≈...§§..≈.##.#
#.≈.§§≈§≈.§.##.###
#@≈§≈§§.§.≈.#..<..
#.≈§§§≈.§.≈.#..###
#.§.....§......#.#
#%≈≈≈§≈≈≈§§.#.#.#.
#...≈.....§§#..###
##.≈.≈§≈§≈.≈.###.#.
#..≈.§..§≈.≈.# ##.#
#..≈.§§≈≈≈.≈.# #.#
#..≈.......§.# #.#


There were no monsters in sight!

Vanquished Creatures
  Sigmund (D:4)
  A black bear (D:4)
  A scorpion (D:4)
  4 orc priests (D:4)
  2 hounds
  An iguana (D:5)
  2 orc wizards (D:4)
  An adder (D:4)
  3 dart slugs
  3 orcs (D:4)
  6 endoplasms
  A giant cockroach (D:2)
  6 hobgoblins
  10 jackals
  11 kobolds
  4 quokkas
  8 ball pythons
  A bat (D:1)
  2 frilled lizards (D:1)
  11 goblins
  5 rats
84 creatures vanquished.

Notes
Turn   | Place    | Note
-------+----------+-------------------------------------------
     0 | D:1      | Ofeo the Draconian Brigand began the quest for the Orb.
     0 | D:1      | Reached XP level 1. HP: 17/17 MP: 1/1
    35 | D:1      | Reached skill level 1 in Dodging
   127 | D:1      | Reached XP level 2. HP: 23/25 MP: 2/2
   683 | D:1      | Reached XP level 3. HP: 30/30 MP: 3/3
  1075 | D:1      | Found a faded altar of an unknown god.
  1825 | D:2      | Reached skill level 4 in Stealth
  1938 | D:3      | Reached XP level 4. HP: 25/37 MP: 4/4
  2013 | D:3      | You fall into a shaft and drop 2 floors!
  2013 | D:5      | Entered Level 5 of the Dungeon
  2209 | D:4      | Noticed a scorpion
  2263 | D:4      | Reached XP level 5. HP: 28/45 MP: 5/5
  2586 | D:4      | Noticed Sigmund
  2600 | D:4      | Killed Sigmund
  2601 | D:4      | Reached XP level 6. HP: 50/52 MP: 6/6
  3042 | D:4      | Your scales start taking on an icy white colour.
  3042 | D:4      | Reached XP level 7. HP: 48/59 MP: 7/7
  3042 | D:4      | Gained mutation: Your flesh is cold resistant. (rC+) [White
                  | Draconian growth]
  3046 | D:4      | Reached skill level 5 in Stealth
  3234 | D:4      | Found a blossoming altar of Fedhas.
  3314 | D:4      | Found a radiant altar of Vehumet.
  3363 | D:4      | Found a glowing golden altar of the Shining One.
  3533 | D:4      | Quit the game

Illustrated notes

Levels and vault maps discovered:
D:1:      amcnicky_arrival_flooded_fountain, layout_basic,
          hellmonk_ecumenical_altar_inner_sanctum, minmay_misc_feat_room
D:2:      layout_basic
D:3:      layout_basic, mainiacjoe_overflow_catwalk,
          mainiacjoe_overflow_six_doors_small
D:4:      layout_loops_ring, mainiacjoe_overflow_catwalk_spiral,
          kennysheep_little_box, uniq_sigmund
D:5:      layout_basic, serial_shops, nicolae_shop_rolling_square

Skill      XL: |  1  2  3  4  5  6  7 |
---------------+----------------------+-----
Dodging        | 1 2 3 |  3.3
Throwing       | 2 3 |  3.4
Stealth        | 4 5 |  5.2
Fighting       | 3 4 |  4.5
Short Blades   | 3 |  3.7

Action                     |  1- 3 |  4- 6 |  7- 9 || total
---------------------------+-------+-------+-------++-------
  Melee: Dagger            |   131 |   133 |    12 ||   276
         Tailslap          |    10 |    21 |     1 ||    32
         Punch             |       |     1 |       ||     1
  Throw: Dart              |     4 |    11 |     1 ||    16
Ability: Breathe Frost     |       |       |     1 ||     1
    Use: Scroll            |     8 |       |     2 ||    10
   Stab: Sleeping          |    15 |     3 |     1 ||    19
 Armour: Skin              |    70 |    57 |     5 ||   132
  Dodge: Dodged            |    82 |    63 |     6 ||   151

Table legend: (Time is in decaauts)
 A = Elapsed time spent in this place.
 B = Non-inter-level travel time spent in this place.
 C = Inter-level travel time spent in this place.
 D = Time resting spent in this place.
 E = Time spent auto-exploring this place.
 F = Levels seen in this place.
 G = Mean time per level.
                   A        B        C        D        E       F      G
               +--------+--------+--------+--------+--------+-----+--------+
         Total |   3498 |   3439 |     59 |    299 |   2511 |   5 |  699.6 |
       Dungeon |   3498 |   3439 |     59 |    299 |   2511 |   5 |  699.6 |
               +--------+--------+--------+--------+--------+-----+--------+

Top non-repeatable levels by time:
     D:4: 1333 daAuts
     D:1: 1107 daAuts
     D:2: 791 daAuts
     D:5: 164 daAuts
     D:3: 101 daAuts
